 Dungeon Crawl Stone Soup version 0.28.0-53-g5a82cb258f (webtiles) character file.

Game seed: 14956332886575276637

14 Peloso the Shield-Bearer (level 2, -1/27 HPs)
             Began as a Minotaur Fighter on May 27, 2022.
             Succumbed to a kobold's poison
             ... on level 1 of the Dungeon.
             The game lasted 00:00:21 (265 turns).

Peloso the Shield-Bearer (Minotaur Fighter)          Turns: 265, Time: 00:00:22

Health: -1/27      AC:  7    Str: 19 (20) XL:     2   Next: 27%
Magic:  1/1        EV:  9    Int:  4 (5)  God:
Gold:   0          SH:  4    Dex:  6 (9)  Spells: 1/1 levels left

rFire   . . .      SeeInvis .   a - +0 long sword
rCold   . . .      Faith    .   c - +0 buckler
rNeg    . . .      Spirit   .   b - +0 scale mail
rPois   .          Reflect  .   (helmet restricted)
rElec   .          Harm     .   (no cloak)
rCorr   .          Rampage  .   (no gloves)
Will    .....                   (no boots)
Stlth   ..........              (no amulet)
HPRegen 0.09/turn               (no ring)
MPRegen 0.07/turn               (no ring)

@: lethally poisoned (-1 -> -13)
A: horns 2, retaliatory headbutt
a: no special abilities


You were on level 1 of the Dungeon.
You visited 1 branch of the dungeon, and saw 1 of its levels.

Inventory:

Hand Weapons
 a - a +0 long sword (weapon)
Armour
 b - a +0 scale mail (worn)
 c - a +0 buckler (worn)
Scrolls
 e - a scroll of enchant armour {unknown}
Potions
 d - a potion of might


   Skills:
 + Level 3.8 Fighting
 + Level 2.6 Long Blades
 + Level 3.8 Armour
 + Level 4.0 Shields


You had one spell level left.
You didn't know any spells.
Your spell library was empty.

Dungeon Overview and Level Annotations

Branches:
Dungeon (1/15)

Altars:


Innate Abilities, Weirdness & Mutations

You have a pair of horns on your head.
You reflexively headbutt those who attack you in melee.


Message History

The gnoll shouts!
You hear a shout!
The kobold hits you with a +1 dagger of venom.
You are poisoned.
A hobgoblin comes into view.
You barely miss the kobold.
You feel very sick.
A ball python comes into view.
The kobold hits you but does no damage.
You are more poisoned.
The ball python hisses angrily.
You hit the kobold.
The kobold is severely wounded.
You feel very sick. You block the kobold's attack.
You barely miss the kobold.
The kobold is severely wounded.
You feel very sick. The kobold hits you but does no damage.
You are lethally poisoned!
The gnoll hits you from afar with a +0 spear.
You block the kobold's attack. The gnoll hits you but does no damage.
You barely miss the kobold.
The kobold is severely wounded.
* * * LOW HITPOINT WARNING * * *
You feel very sick. The kobold hits you but does no damage.
You are more poisoned.
You block the gnoll's attack.
You slash the kobold!
You kill the kobold!
* * * LOW HITPOINT WARNING * * *
You feel very sick. The ball python barely misses you. You furiously retaliate!
You headbutt the ball python!
You kill the ball python!
You block the gnoll's attack.
It was a potion of degeneration.
There was something very wrong with that liquid.
You feel weakened.
You feel dopey.
You feel clumsy.
You die...

.......... .... .....
....... ....## #...
....... ...... ...
....... ......# #.#
...#... .......## ##.#
....#.. .....g..###..###
......#
...............#...#...
..>..g)@...........)##.
.......#####.###########
......# #.#...#...#..
...... #.'.⌠.'.⌠.'..
#.##. ###...#...#.. # #.
##'######## #
#...#...#.. #...#.<.'..
#...#...#..


You could see a gnoll and a hobgoblin.

Vanquished Creatures
  A dart slug (D:1)
  An endoplasm (D:1)
  A goblin (D:1)
  2 jackals (D:1)
  2 kobolds (D:1)
  2 ball pythons (D:1)
  A bat (D:1)
10 creatures vanquished.

Notes
Turn   | Place    | Note
-------+----------+-------------------------------------------
     0 | D:1      | Peloso the Minotaur Fighter began the quest for the Orb.
     0 | D:1      | Reached XP level 1. HP: 19/19 MP: 0/0
    82 | D:1      | Reached XP level 2. HP: 21/27 MP: 1/1
   189 | D:1      | Reached skill level 4 in Shields
   264 | D:1      | HP: 1/27 [poisoned by a kobold]
   265 | D:1      | Succumbed to a kobold's poison

Illustrated notes

Levels and vault maps discovered:
D:1:      co_arrival_random_square_maze, layout_rooms

Skill      XL: |  1  2 |
---------------+-------+-----
Shields        | 4 |  4.0
Fighting       | |  3.8
Long Blades    | |  2.6
Armour         | |  3.8

Action                   || total
-------------------------++-------
Melee: Long sword        ||    20
       Headbutt          ||     5
  Use: Potion            ||     1
Armor: Scale mail        ||    11
Dodge: Dodged            ||     5
Block: Buckler           ||     6
